 Dungeon Crawl Stone Soup version 0.21-a0-127-g329daca (webtiles) character file.

1094 Manul the Grappler (level 8, -1/67 HPs)
             Began as a Ghoul Monk on July 16, 2017.
             Was a Believer of Ru.
             Slain by a centaur (3 damage)
             ... on level 6 of the Dungeon.
             The game lasted 00:05:46 (3895 turns).

Manul the Grappler (Ghoul Monk)                     Turns: 3895, Time: 00:05:47

Health: -1/67      AC:  5    Str: 21    XL:     8   Next: 31%
Magic:  7/7        EV: 13    Int:  5    God:    Ru [**....]
Gold:   285        SH:  0    Dex: 12    Spells: 7/7 levels left

rFire    + . .     SeeInvis .     - Unarmed
rCold    + + .     Gourm    .   (no shield)
rNeg     + + +     Faith    .   h - +0 ring mail
rPois    ∞         Spirit   .   (no helmet)
rElec    +         Reflect  .   (no cloak)
rCorr    +         Harm     .   (no gloves)
MR       +....                  (no boots)
Stlth    +.........             c - amulet of regeneration
HPRegen  0.00/turn              d - ring of protection from magic
MPRegen  0.10/turn              (no ring)

@: mighty, resistant, flying, rotting
A: rotting body, claws 1, carnivore 3, cold resistance 1, negative energy
resistance 3, inhibited regeneration, torment resistance, unbreathing, inability
to use devices
a: Renounce Religion


You were on level 6 of the Dungeon.
You worshipped Ru.
Ru was pleased with you.
You were not hungry.

You visited 2 branches of the dungeon, and saw 7 of its levels.

You collected 285 gold pieces.

Inventory:

Armour
 a - a +0 robe
 h - a +0 ring mail (worn)
Jewellery
 c - an amulet of regeneration (around neck)
 d - a ring of protection from magic (left claw)
Wands
 v - a wand of iceblast (2/15)
 x - a wand of random effects (30/48)
Scrolls
 e - a scroll of amnesia {unknown}
 f - 3 scrolls of remove curse {unknown}
 g - 5 scrolls of teleportation
 i - 2 scrolls of identify
 l - a scroll of enchant armour {unknown}
 n - 3 scrolls of recharging {unknown}
 s - 3 scrolls of immolation {unknown}
 t - a scroll of blinking {unknown}
Potions
 j - a potion of magic
 k - a potion of curing
 o - a potion of resistance
 q - 3 potions of lignification
 u - a potion of brilliance {unknown}
 w - a potion of flight
Books
 r - a book of Misfortune

   Spells                             Type                      Level
   a - Confusing Touch                Hexes                        1
   b - Confuse                        Hexes                        3
   c - Gell's Gravitas                Translocation                3
   d - Petrify                        Transmutation/Earth          4
   e - Metabolic Englaciation         Hexes/Ice                    5
   f - Yara's Violent Unravelling     Hexes/Transmutation          5
Comestibles
 b - 4 meat rations


   Skills:
 + Level 4.3 Fighting
 + Level 4.0 Armour
 + Level 4.2 Dodging
 + Level 2.5 Stealth
 + Level 8.1 Unarmed Combat


You had 7 spell levels left.
You didn't know any spells.

Dungeon Overview and Level Annotations

Branches:
Dungeon (6/15)             Temple (1/1) D:6

Altars:
Ashenzari
Cheibriados
Dithmenos
Elyvilon
Fedhas
Hepliaklqana
Kikubaaqudgha
Nemelex Xobeh
Okawaru
Ru
Sif Muna
Trog
Uskayaw
Vehumet
Wu Jian
Xom
Yredelemnul
Zin
The Shining One
Jiyva


Innate Abilities, Weirdness & Mutations

Your body is rotting away.
You thrive on raw meat.
You are immune to poison.
You have sharp fingernails.
You are carnivorous and can eat meat at any time.
Your flesh is cold resistant. (rC+)
You are immune to negative energy. (rN+++)
You do not regenerate when monsters are visible.
You are immune to unholy pain and torment.
You can survive without breathing.
You cannot study or use magical devices.


Message History

It was a potion of lignification.
You feel woody for a moment. The centaur barely misses you.
The orc throws a stone.
The stone hits you but does no damage.
You redirect the centaur's attack!
The centaur hits itself.
The orc misses you.
It was a potion of flight.
You feel very buoyant.
You fly up into the air.
The orc wizard shouts!
The centaur closely misses you.
The orc throws a stone.
The stone barely misses you. The orc misses you.
It was a potion of magic.
Magic courses through your body.
The orc is no longer blind.
The centaur hits you but does no damage.
The centaur is stunned by your will and fails to attack.
The orc completely misses you.
It was a potion of berserk rage.
You cannot raise a blood rage in your lifeless body.
The centaur hits you.
You die...

... .. ##.## ....
.. # #.## .... #.
.# #.###.## .....#.
.# #......#
...#.##.####
#######. .........
## #..o.# # #co# #
#o@# # #.(#
######## #(.#
#.......
#..####.####.######
##.................
#.####.####.#.....
#.# #.#.#### #. #.#
#.#.#
#..#####.####.#
#.#.##


You could see a centaur, an orc wizard and 2 orcs.

Vanquished Creatures
  Duvessa (D:5)
  2 centaurs
  An ogre (D:6)
  A bullfrog (D:6)
  Dowan (D:5)
  3 crimson imps
  A quasit (D:5)
  A jelly (D:6)
  A hound (D:6)
  5 orc priests
  A bullfrog skeleton (D:4)
  3 worker ants
  A hound skeleton (D:5)
  8 adders
  3 oozes
  A worm (D:2)
  3 dart slugs
  5 leopard geckos
  14 orcs
  3 giant cockroaches
  6 goblins
  4 hobgoblins
  4 jackals
  4 quokkas
  5 bats (D:1)
  4 frilled lizards
  4 kobolds
  A quokka skeleton (D:5)
  A rat (D:2)
92 creatures vanquished.

Notes
Turn   | Place    | Note
-------+----------+-------------------------------------------
     0 | D:1      | Manul the Ghoul Monk began the quest for the Orb.
     0 | D:1      | Reached XP level 1. HP: 19/19 MP: 0/0
   237 | D:1      | Reached XP level 2. HP: 26/26 MP: 1/1
   656 | D:2      | Reached XP level 3. HP: 19/31 MP: 2/2
   944 | D:2      | Reached skill level 4 in Unarmed Combat
   953 | D:2      | You fall through a shaft!
  1054 | D:3      | Reached XP level 4. HP: 40/40 MP: 3/3
  1342 | D:3      | Found a snail-covered altar of Cheibriados.
  1846 | D:4      | Reached skill level 1 in Armour
  1846 | D:4      | Reached skill level 5 in Unarmed Combat
  1846 | D:4      | Reached XP level 5. HP: 37/46 MP: 4/4
  2206 | D:4      | Reached XP level 6. HP: 41/51 MP: 5/5
  2423 | D:5      | Entered Level 5 of the Dungeon
  2478 | D:5      | Reached skill level 6 in Unarmed Combat
  2654 | D:5      | Found a glowing silver altar of Zin.
  2727 | D:5      | Reached XP level 7. HP: 52/59 MP: 6/6
  2741 | D:5      | Found a basalt altar of Yredelemnul.
  2848 | D:5      | Found an ancient bone altar of Kikubaaqudgha.
  2920 | D:5      | Noticed Dowan
  2921 | D:5      | Noticed Duvessa
  2938 | D:5      | Killed Duvessa
  2943 | D:5      | Killed Dowan
  2943 | D:5      | Reached skill level 7 in Unarmed Combat
  3000 | D:5      | Found a white marble altar of Elyvilon.
  3335 | D:6      | Found an iron altar of Okawaru.
  3336 | D:6      | Found a hide-covered altar of Uskayaw.
  3336 | D:6      | Found a sparkling altar of Nemelex Xobeh.
  3340 | D:6      | Reached XP level 8. HP: 37/66 MP: 7/7
  3344 | D:6      | Found an ornate altar of the Wu Jian Council.
  3353 | D:6      | Found a blossoming altar of Fedhas.
  3572 | D:6      | Found a staircase to the Ecumenical Temple.
  3579 | Temple   | Entered the Ecumenical Temple
  3736 | Temple   | Became a worshipper of Ru the Awakened
  3746 | Temple   | Gained mutation: You cannot study or use magical devices. [Ru sacrifice]
  3746 | Temple   | Reached * piety under Ru
  3746 | Temple   | Reached ** piety under Ru
  3771 | D:6      | Found a blossoming altar of Fedhas.
  3854 | D:6      | Reached skill level 8 in Unarmed Combat
  3891 | D:6      | HP: 2/67 [orc/dagger (4)]
  3895 | D:6      | Slain by a centaur

Vault maps used:
D:1:      lemuel_arrival_hallway
D:3:      kennysheep_slug_shrine, first_bread
D:5:      kennysheep_ying_yang, kennysheep_mini, basic_altar, uniq_duvessa
D:6:      grunt_temple_overflow_open, gammafunk_temple_overflow_statue,
          minmay_temple_entry_fiery, fedhas_bush_and_centaur_altar
Temple:   pf_slime_end_temple

Skill      XL: |  1  2  3  4  5  6  7  8 |
---------------+-------------------------+-----
Dodging        | 3 4 |  4.2
Unarmed Combat | 4 5 6 7 8 |  8.1
Armour         | 1 2 3 4 |  4.0
Fighting       | 4 |  4.3
Stealth        | |  2.5

Action                   |  1- 3 |  4- 6 |  7- 9 || total
-------------------------+-------+-------+-------++-------
Melee: Unarmed           |   102 |   149 |   100 ||   351
       Punch             |     1 |     1 |     1 ||     3
Invok: Sacrifice Artific |       |       |     1 ||     1
Evoke: Wand              |       |       |     2 ||     2
  Use: Scroll            |       |     3 |       ||     3
       Potion            |       |       |     8 ||     8
 Stab: Sleeping          |       |     2 |       ||     2
  Eat: Chunk             |     1 |     6 |     3 ||    10
Armor: Robe              |     9 |       |       ||     9
       Ring mail         |    32 |    50 |    34 ||   116
Dodge: Dodged            |    78 |   100 |    58 ||   236
